 Dungeon Crawl Stone Soup version 0.29.0-4-gdea44cf6ec (webtiles) character file.

Game seed: 6138212243179589524

5 qw the Chopper (level 1, -2/18 HPs)
             Began as a Barachi Chaos Knight on Sept 4, 2022.
             Slain by a chaos spawn (9 damage)
             ... summoned by Xom
             ... on level 1 of the Dungeon.
             The game lasted 00:00:05 (233 turns).

qw the Chopper (Barachi Chaos Knight)                Turns: 233, Time: 00:00:06

Health: -2/18      AC:  5    Str: 13    XL:     1   Next: 80%
Magic:  1/1        EV: 11    Int: 12    God:
Gold:   14         SH:  0    Dex: 11    Spells: 0/0 levels left

rFire   . . .      SeeInvis .   a - +0 hand axe (chaos)
rCold   . . .      Faith    .   (no shield)
rNeg    . . .      Spirit   .   b - +2 leather armour
rPois   .          Reflect  .   (no helmet)
rElec   .          Harm     .   (no cloak)
rCorr   .          Rampage  .   (no gloves)
Will    .....                   (no boots)
Stlth   +.........              (no amulet)
HPRegen 0.06/turn               (no ring)
MPRegen 0.07/turn               (no ring)

@: lethally poisoned (-2 -> -12), slow
A: amphibious, slowness 1, strong legs 1, +LOS
a: Hop


You were on level 1 of the Dungeon.
You visited 1 branch of the dungeon, and saw 1 of its levels.

You collected 14 gold pieces.


Innate Abilities, Weirdness & Mutations

You are amphibious.
You cover ground slowly.
You can hop short distances.
You have an extended range of vision and can be seen from far away.


   Skills:
 - Level 3.6 Fighting
 + Level 3.7 Axes
 - Level 2.4 Armour
 - Level 1.1 Dodging


You couldn't memorise any spells.
You didn't know any spells.
Your spell library was empty.

Inventory:

Hand Weapons
 a - a +0 hand axe of chaos (weapon)
 e - a +0 whip
Armour
 b - a +2 leather armour (worn)
 d - a +0 plate armour
Scrolls
 f - a scroll of teleportation {unknown}
Miscellaneous
 c - a piece from Xom's chessboard (15/15)

Dungeon Overview and Level Annotations

Branches:
Dungeon (1/15)

Altars:


Message History

The ball python constricts you.
You barely miss the ball python.
The ball python is heavily wounded.
You hit the quokka but do no damage.
Space warps horribly around the quokka!
You kill the quokka!
The ball python closely misses you. The ball python constricts you.
You hit the ball python. You burn the ball python.
You kill the ball python!
You start resting. "Let's see if it's strong enough to survive yet."
A shadow imp comes into view.
Your quokka zombie bites the ufetubus but does no damage.
The shadow imp moves out of view.
There is an open door here.
You hit the chaos spawn but do no damage.
The chaos spawn completely misses you.
You hit the chaos spawn but do no damage.
Something barely misses your quokka zombie. x3
Something closely misses your quokka zombie.
The chaos spawn barely misses you.
You barely miss the chaos spawn. Something hits your quokka zombie.
Something closely misses your quokka zombie.
The chaos spawn gores you.
You are lethally poisoned!
The chaos spawn poisons you!
The shadow imp picks up a beetle and eats it.
The shadow imp hits your quokka zombie. Something hits your quokka zombie.
Your quokka zombie is destroyed!
You hit the chaos spawn. You burn the chaos spawn.
The chaos spawn is lightly wounded.
You feel very sick. The chaos spawn closely misses you.
You hit the chaos spawn but do no damage.
The chaos spawn is lightly wounded.
You closely miss the ufetubus.
You feel very sick.
The ufetubus barely misses you. x2; The chaos spawn gores you!
Ouch! That really hurt!
You die...

#####..##..######
................##.# 7
.................#...##
..##...##...##...#....
.####..##..####..#.#.#####
.####..##..####..#....(...
..##...##...##...#.......#
.......##........#5......#
......####.....4@#%.....[#
####### ########5........
##### #......... ....#
##......## ###.# .#.####
..... ##.### . #


You could see a chaos spawn (summoned) and an ufetubus (summoned).

Vanquished Creatures
  A ball python (D:1)
  A hobgoblin (D:1)
  A quokka (D:1)
  2 kobolds (D:1)
5 creatures vanquished.

Vanquished Creatures (others)
  A quokka zombie (D:1)
1 creature vanquished.

Grand Total: 6 creatures vanquished

Notes
Turn   | Place    | Note
-------+----------+-------------------------------------------
     0 | D:1      | qw the Barachi Chaos Knight began the quest for the Orb.
     0 | D:1      | Reached XP level 1. HP: 18/18 MP: 1/1
     0 | D:1      | 0 ||| qw: Version: 0.1-a-103-gd6f5d3a
     0 | D:1      | 0 ||| qw: Game counter: 5697
     0 | D:1      | 0 ||| qw: Always use a shield: true
     0 | D:1      | 0 ||| qw: God list: Okawaru
     0 | D:1      | 0 ||| qw: Allow faded altars: false
     0 | D:1      | 0 ||| qw: Do Orc after D:15 true
     0 | D:1      | 0 ||| qw: Do second Lair branch before Depths: true
     0 | D:1      | 0 ||| qw: Lair rune preference: random
     0 | D:1      | 0 ||| qw: Plans: Normal
     0 | D:1      | 0 ||| PLANNING D:1-11
     0 | D:1      | Fell from the grace of Xom
   227 | D:1      | XOM: summons 3 hostile demons
   228 | D:1      | Noticed a chaos spawn
   233 | D:1      | Slain by a chaos spawn

Levels and vault maps discovered:
D:1:      minmay_arrival_four_loops, layout_basic, serial_forest,
          infiniplex_forest_clump_long, infiniplex_forest_pool,
          infiniplex_forest_clump_long, infiniplex_forest_clump_medium,
          infiniplex_forest_straight_5, infiniplex_forest_zigzag_1,
          infiniplex_forest_end_3, infiniplex_forest_straight_5,
          minmay_heptomino_w4

Action                   || total
-------------------------++-------
Melee: Hand axe          ||    18
Invok: Renounce Religion ||     1
Armor: Leather armour    ||     5
Dodge: Dodged            ||    13

Table legend:
 A = Non-vault XP
 B = Vault XP
 C = Vault XP percentage of total XP
 D = Non-vault monster count
 E = Vault monster count
 F = Vault count percentage of total count
                 A         B        C        D         E       F
            +---------+---------+-------+---------+---------+-------
      Total |       8 |       0 |   0.0 |       5 |       0 |   0.0
            +---------+---------+-------+---------+---------+-------
        D:1 |       8 |       0 |   0.0 |       5 |       0 |   0.0
            +---------+---------+-------+---------+---------+-------
